 Dungeon Crawl Stone Soup version 0.31-a0-210-gccc998df9b (webtiles) character file.

Game seed: 13546704556546667711

156 qw the Chopper (level 5, -2/32 HPs)
             Began as a Gargoyle Fighter on June 29, 2023.
             Slain by a gnoll
             ... wielding a +0 whip
             ... led by a gnoll bouda
              (7 damage)
             ... on level 3 of the Dungeon.
             The game lasted 00:01:02 (1790 turns).

qw the Chopper (Gargoyle Fighter)                   Turns: 1790, Time: 00:01:02

Health: -2/32      AC: 15    Str: 21    XL:     5   Next: 37%
Magic:  5/5        EV:  5    Int:  9    God:
Gold:   156        SH:  4    Dex:  9    Spells: 4/4 levels left

rFire   . . .        Y - +0 war axe
rCold   . . .        c - +0 buckler
rNeg    + . .        e - +0 plate armour
rPois   inf          (no helmet)
rElec   +            (no cloak)
rCorr   .            (no gloves)
SInv    .            (no boots)
Will    .....        j - amulet of faith Stlth
                     (no ring)
HPRegen 0.25/turn    (no ring)
MPRegen 0.09/turn

%: faith
@: weakened
A: sickness immunity, AC +4, negative energy resistance 1, electricity
resistance, torment resistance 1, petrification resistance
a: no special abilities


You were on level 3 of the Dungeon.
You visited 1 branch of the dungeon, and saw 3 of its levels.

You collected 156 gold pieces.


Innate Abilities, Weirdness & Mutations

You are immune to sickness and miasma.
Your stone body is resilient. (AC +4)
You are immune to poison.
You resist negative energy. (rN+)
You are resistant to electric shocks. (rElec)
You are resistant to unholy torment.
You are immune to petrification.


   Skills:
 - Level 3.2 Fighting
 + Level 4.9 Axes
 - Level 3.2 Armour
 - Level 3.2 Shields


You had 4 spell levels left.
You didn't know any spells.
Your spell library was empty.

Inventory:

Hand Weapons
 b - a +0 whip
 Y - a +0 war axe (weapon)
Armour
 c - a +0 buckler (worn)
 e - a +0 plate armour (worn)
Jewellery
 j - an amulet of faith (around neck)
Scrolls
 a - a scroll of identify
Potions
 d - a potion of might
 f - a potion of enlightenment
 g - a potion of curing {unknown}
 l - a potion of lignification {unknown}

Dungeon Overview and Level Annotations

Branches:
Dungeon (3/15)

Altars:
Sif Muna

Shops:
D:1 :

Annotations:
D:3 Natasha


Message History

The gnoll closely misses you.
The cerulean imp hits you but does no damage.
The gnoll hits you but does no damage.
You hit the gnoll bouda but do no damage.
The gnoll bouda is almost dead.
You hit the gnoll. You hit the gnoll but do no damage. You barely miss Natasha.
The gnoll bouda gazes fiercely through you!
You feel your attacks grow feeble. The gnoll bouda barely misses you.
The gnoll barely misses you.
Natasha wildly gestures.
You feel troubled. Natasha claws you but does no damage.
The gnoll hits you with a +0 whip.
The cerulean imp hits you but does no damage.
The gnoll hits you but does no damage.
The gnoll bouda hits you but does no damage.
The gnoll closely misses you.
You hit the gnoll bouda but do no damage.
The gnoll bouda is almost dead.
You closely miss Natasha. You slash the gnoll!
You kill the gnoll!
You hit the gnoll. Natasha barely misses you.
The cerulean imp hits you from afar with a +0 spear.
The gnoll barely misses you. x2; You block the gnoll bouda's attack.
Natasha casts a spell at you.
The magic dart hits you but does no damage.
You hit the gnoll bouda.
You kill the gnoll bouda!
You hit the gnoll. You hit Natasha but do no damage.
The cerulean imp hits you but does no damage.
You block the gnoll's attack. The gnoll hits you but does no damage.
Natasha claws you. The gnoll hits you but does no damage.
The cerulean imp hits you but does no damage.
The gnoll hits you but does no damage.
You barely miss the gnoll.
The gnoll is almost dead.
You hit Natasha. Natasha casts a spell at you. The magic dart hits you.
The gnoll hits you with a +0 whip!
You die...

############.....#
#................#
##.###########...##
#.#####...##### ##)##
#.......#.....## #.#
#######...##...# #.#
##.## ..# #.#
##.###...### #.#
#.h@).......###.#
#...5#)g.........).#
....#..g........#####
.P....#.###...###
....g... ...#
...gP... $..#
h.....>. .## . ...##
.# g...


You could see Natasha, 2 gnolls and a cerulean imp (summoned).

Vanquished Creatures
  A gnoll bouda (D:3)
  Ijyb (D:3)
  2 gnolls (D:3)
  3 adders
  A dart slug (D:2)
  4 ball pythons
  8 endoplasms
  4 giant cockroaches
  A hobgoblin (D:1)
  5 jackals (D:1)
  4 bats
  4 frilled lizards
  5 goblins
  6 kobolds
  6 rats
55 creatures vanquished.

Notes
Turn   | Place    | Note
-------+----------+-------------------------------------------
     0 | D:1      | qw the Gargoyle Fighter began the quest for the Orb.
     0 | D:1      | Reached XP level 1. HP: 14/14 MP: 1/1
     0 | D:1      | 0 ||| qw: Version: 0.3-a-24-ga2abf7b
     0 | D:1      | 0 ||| qw: Game counter: 7018
     0 | D:1      | 0 ||| qw: Melee chars always use a shield: true
     0 | D:1      | 0 ||| qw: God list: Okawaru
     0 | D:1      | 0 ||| qw: Allow faded altars: false
     0 | D:1      | 0 ||| qw: Do Orc after clearing Dungeon:15 true
     0 | D:1      | 0 ||| qw: Do second Lair branch before Depths: true
     0 | D:1      | 0 ||| qw: Lair rune preference: random
     0 | D:1      | 0 ||| qw: Goals: Normal, Zot:1-4, Slime:5, God:TSO, Crypt,
                  | Tomb, Abyss, Pan, Hells, Win
     0 | D:1      | 0 ||| PLANNING D:1-11
    47 | D:1      | Reached skill level 2 in Axes
    66 | D:1      | Reached XP level 2. HP: 13/19 MP: 2/2
    70 | D:1      | HP: 4/19 [kobold/+0 short sword (4)]
   139 | D:1      | Found Qahoblui's Book Emporium.
   219 | D:1      | 219 ||| Stepping ~*~*~tactically~*~*~ (stealth).
   229 | D:1      | Reached skill level 3 in Axes
   245 | D:1      | Reached XP level 3. HP: 20/23 MP: 3/3
   274 | D:1      | 274 ||| Stepping ~*~*~tactically~*~*~ (stealth).
   388 | D:1      | Found a faded altar of an unknown god.
   389 | D:1      | 389 ||| Stepping ~*~*~tactically~*~*~ (stealth).
   392 | D:1      | 392 ||| Stepping ~*~*~tactically~*~*~ (stealth).
   398 | D:1      | 398 ||| Stepping ~*~*~tactically~*~*~ (stealth).
   702 | D:1      | 702 ||| READING 3 scrolls labelled FAXUQI REPNAXI.
   703 | D:1      | 703 ||| READING scroll labelled ONGUFA PYMECHI.
   704 | D:1      | 704 ||| READING scroll labelled KAISOIWK LYXKY.
   705 | D:1      | 705 ||| READING 2 scrolls of identify.
   705 | D:1      | 705 ||| IDENTIFYING glowing cyan potion
   706 | D:1      | 706 ||| DROPPING potion of berserk rage.
   951 | D:2      | Reached XP level 4. HP: 28/28 MP: 4/4
   953 | D:2      | 953 ||| Stepping ~*~*~tactically~*~*~ (stealth).
   955 | D:2      | 955 ||| Stepping ~*~*~tactically~*~*~ (hiding).
   956 | D:2      | 956 ||| Stepping ~*~*~tactically~*~*~ (hiding).
  1258 | D:2      | Found a shimmering blue altar of Sif Muna.
  1274 | D:2      | Identified the +1 scale mail of Undesirable Species {rPois
                  | rF+}
  1499 | D:2      | 1499 ||| UPGRADING to +0 plate armour.
  1509 | D:2      | 1509 ||| DROPPING +0 scale mail.
  1510 | D:2      | 1510 ||| UPGRADING to amulet of faith.
  1515 | D:2      | 1515 ||| READING scroll labelled TIGAZA AXUAMN.
  1516 | D:2      | 1516 ||| READING scroll labelled GIHOME VO NIKA.
  1536 | D:2      | 1536 ||| DRINKING 2 inky potions.
  1653 | D:3      | Reached skill level 4 in Axes
  1655 | D:3      | 1655 ||| DROPPING +0 club.
  1693 | D:3      | Noticed Ijyb
  1695 | D:3      | 1695 ||| FLEEEEING.
  1696 | D:3      | 1696 ||| FLEEEEING.
  1701 | D:3      | 1701 ||| FLEEEEING.
  1702 | D:3      | 1702 ||| Stepping ~*~*~tactically~*~*~ (hiding).
  1717 | D:3      | Killed Ijyb
  1773 | D:3      | Noticed Natasha
  1774 | D:3      | 1774 ||| Stepping ~*~*~tactically~*~*~ (stealth).
  1776 | D:3      | 1776 ||| Stepping ~*~*~tactically~*~*~ (hiding).
  1777 | D:3      | 1777 ||| Stepping ~*~*~tactically~*~*~ (hiding).
  1779 | D:3      | 1779 ||| Stepping ~*~*~tactically~*~*~ (hiding).
  1783 | D:3      | Reached XP level 5. HP: 27/32 MP: 5/5
  1789 | D:3      | HP: 8/32 [Natasha (2)]
  1790 | D:3      | Slain by a gnoll

Levels and vault maps discovered:
D:1:      matt_arrival_spirals, layout_basic,
          hellmonk_ecumenical_altar_crossroads, serial_shops, shop
D:2:      layout_loops_ring, basic_altar
D:3:      layout_loops_ring, mainiacjoe_overflow_alcove_4,
          gammafunk_temple_overflow_statue, nicolae_grassy_gnolls, uniq_ijyb,
          uniq_sigmund, uniq_natasha

Skill      XL: |  1  2  3  4 |
---------------+-------------+-----
Axes           | 2 3 4 |  4.9
Fighting       | |  3.2
Armour         | |  3.2
Shields        | |  3.2

Action                     |  1- 3 |  4- 6 || total
---------------------------+-------+-------++-------
  Melee: War axe           |   120 |    51 ||   171
    Use: Scroll            |     4 |     2 ||     6
         Potion            |       |     1 ||     1
 Armour: Scale mail        |    64 |     6 ||    70
         Plate armour      |       |    44 ||    44
  Dodge: Dodged            |    66 |    24 ||    90
  Block: Buckler           |    33 |    19 ||    52

Table legend:
 A = Non-vault XP
 B = Vault XP
 C = Vault XP percentage of total XP
 D = Non-vault monster count
 E = Vault monster count
 F = Vault count percentage of total count
                 A         B        C        D         E       F
            +---------+---------+-------+---------+---------+-------
      Total |     118 |     105 |  47.1 |      51 |       4 |   7.3
            +---------+---------+-------+---------+---------+-------
        D:1 |      49 |       0 |   0.0 |      30 |       0 |   0.0
        D:2 |      47 |       0 |   0.0 |      15 |       0 |   0.0
        D:3 |      22 |     105 |  82.7 |       6 |       4 |  40.0
            +---------+---------+-------+---------+---------+-------
